[Event "Titled Tuesday Blitz November 29 Early 2022"]
[White "Andrews, Todd"]
[Black "Gulevich, Artem"]
[WhiteFideId "2012456"]
[BlackFideId "24119580"]
[WhiteElo "2334"]
[BlackElo "2218"]
[Result "1-0"]
[Round "02"]
[TimeControl "180+1"]
[Date "2022.11.30"]
[WhiteClock "0:01:02"]
[BlackClock "0:00:22"]

1. e4 c5 2. Nf3 Nc6 3. d3 g6 4. g3 Bg7 5. Bg2 e5 6. O-O Nge7 7. Nc3 O-O 8. Nd2 d6 9. Nc4 Be6 10. Nd5 Qd7 11. a4 f5 12. f4 Rae8 13. a5 Kh8 14. c3 Rf7 15. Bd2 Ref8 16. Qe2 Re8 17. fxe5 Nxe5 18. Nxe5 Bxe5 19. Nf4 fxe4 20. Nxe6 Qxe6 21. Qxe4 Rxf1+ 22. Rxf1 d5 23. Qf3 Bg7 24. Re1 Qd7 25. Qf7 Qd6 26. Qxe8+ 1-0


[Site "https://www.chess.com"]

[Event "Titled Tuesday Blitz November 29 Early 2022"]
[White "Antonio, Jorge Carlos"]
[Black "Chernobay, Artem"]
[WhiteFideId "113190"]
[BlackFideId "4167406"]
[WhiteElo "2247"]
[BlackElo "2473"]
[Result "0-1"]
[Round "02"]
[TimeControl "180+1"]
[Date "2022.11.30"]
[WhiteClock "0:01:51"]
[BlackClock "0:01:24"]

1. d4 Nf6 2. Nf3 d5 3. Bf4 c5 4. e3 Nc6 5. c3 Qb6 6. Qb3 c4 7. Qxb6 axb6 8. Nbd2 Bf5 9. Nh4 Bd7 10. e4 b5 11. e5 Ng8 12. Be2 h6 13. Be3 g5 14. Nhf3 Bf5 15. O-O e6 16. a3 Nge7 17. h3 Nc8 18. Nh2 Nb6 19. Ng4 Na4 20. Rab1 Bxb1 21. Rxb1 Bxa3 22. bxa3 Nxc3 23. Re1 Rxa3 24. Bf3 b4 25. Nf6+ Ke7 26. Be2 Nxe2+ 27. Rxe2 c3 28. Nf3 b3 29. Ne1 b2 30. Nc2 b1=Q+ 31. Kh2 Ra2 0-1


[Site "https://www.chess.com"]

[Event "Titled Tuesday Blitz November 29 Early 2022"]
[White "Aqib Javaid Butt"]
[Black "Iinuma, Paul Y"]
[WhiteFideId "7801262"]
[BlackFideId "2031809"]
[WhiteElo "1659"]
[BlackElo "2066"]
[Result "0-1"]
[Round "02"]
[TimeControl "180+1"]
[Date "2022.11.30"]
[WhiteClock "0:01:03"]
[BlackClock "0:01:18"]

1. d4 g6 2. Nf3 Bg7 3. c4 b6 4. Nc3 Bb7 5. g3 e6 6. Bg2 Ne7 7. O-O d6 8. Ne1 Bxg2 9. Kxg2 Nd7 10. e3 O-O 11. b3 e5 12. dxe5 Nxe5 13. Bb2 Qd7 14. Nf3 N7c6 15. Nd5 f5 16. Nxe5 Nxe5 17. Nf4 Rae8 18. Qd5+ Kh8 19. Bxe5 Bxe5 20. Rad1 c6 21. Qf3 Qc7 22. Nd3 Bg7 23. Nb4 Rc8 24. Rd3 a5 25. Nc2 Rce8 26. Rfd1 Re6 27. Nd4 Bxd4 28. Rxd4 Rfe8 29. Qf4 Rd8 30. a3 Qe7 31. b4 axb4 32. axb4 Kg7 33. b5 c5 34. Rd5 Re4 35. Qf3 Rxc4 36. Qe2 Re4 37. Qd2 Re6 38. Qc3+ Qf6 39. Qd3 Rd7 40. Qa3 Kf7 41. Qa6 Qd8 42. Qa2 Ke7 43. Qc4 Qh8 44. Qh4+ Kf7 45. Qf4 Qf6 46. Qh6 Kg8 47. Ra1 Qxa1 48. Rxf5 Qg7 0-1


[Site "https://www.chess.com"]

[Event "Titled Tuesday Blitz November 29 Early 2022"]
[White "Ardila, Oscar Humberto"]
[Black "Eynullayev, Atilla"]
[WhiteFideId "4404742"]
[BlackFideId "13413570"]
[WhiteElo "1959"]
[BlackElo "2181"]
[Result "0-1"]
[Round "02"]
[TimeControl "180+1"]
[Date "2022.11.30"]
[WhiteClock "0:00:00"]
[BlackClock "0:00:05"]

1. d4 Nf6 2. c4 e6 3. Nc3 d5 4. cxd5 Nxd5 5. e4 Nxc3 6. bxc3 c5 7. Nf3 cxd4 8. Qxd4 Bd7 9. Ne5 Nc6 10. Qxd7+ Qxd7 11. Nxd7 Kxd7 12. Bb5 Bc5 13. Bf4 Ke7 14. Ke2 Rac8 15. Rhd1 a6 16. Ba4 Na5 17. Rd7+ Kf6 18. e5+ Kg6 19. Bc2+ f5 20. exf6+ Kxf6 21. h4 h6 22. g4 g5 23. Bg3 Nc4 24. f4 Ne3 25. Be4 b6 26. fxg5+ hxg5 27. hxg5+ Kxg5 28. Rg7+ Kf6 29. Rg6+ Kf7 30. Be5 Rhg8 31. Rf6+ Ke7 32. Rh1 Nxg4 33. Rh7+ Kd8 34. Rxe6 Nxe5 35. Rxe5 Rc7 36. Rd5+ Kc8 37. Bf5+ Kb8 38. Rxc7 Kxc7 39. Rd7+ Kc6 40. Kd3 Rg3+ 41. Kc4 b5+ 42. Kb3 a5 43. Rd3 a4+ 44. Kc2 Rg2+ 45. Kb1 Rg1+ 46. Kc2 Ba3 47. Be4+ Kb6 48. Rd1 Rg4 49. Bd3 Rg2+ 50. Rd2 Rg1 51. Rd1 Rg3 52. Rd2 Bc5 53. Rd1 Be3 54. Re1 Kc5 55. Re2 Bf4 0-1


[Site "https://www.chess.com"]

[Event "Titled Tuesday Blitz November 29 Early 2022"]
[White "Bacrot, Etienne"]
[Black "Malyi, Viacheslav"]
[WhiteFideId "605506"]
[BlackFideId "14123983"]
[WhiteElo "2666"]
[BlackElo "2291"]
[Result "1/2-1/2"]
[Round "02"]
[TimeControl "180+1"]
[Date "2022.11.30"]
[WhiteClock "0:00:14"]
[BlackClock "0:00:26"]

1. Nf3 Nf6 2. g3 d5 3. Bg2 Bg4 4. h3 Bh5 5. O-O Nbd7 6. c4 c6 7. cxd5 cxd5 8. Qb3 Qb6 9. Nc3 e6 10. Qxb6 Nxb6 11. d3 Bd6 12. Nb5 Bb8 13. Be3 a6 14. Nc3 Nbd7 15. g4 Bg6 16. Nh4 Ke7 17. f4 h6 18. Nxg6+ fxg6 19. Rac1 Bd6 20. f5 gxf5 21. gxf5 Be5 22. Na4 Rac8 23. Nc5 Nxc5 24. Bxc5+ Bd6 25. Bd4 e5 26. Bf2 Kd7 27. Bh4 Rxc1 28. Rxc1 Rc8 29. Rxc8 Kxc8 30. Kf2 Bc5+ 31. e3 d4 32. e4 Kd7 33. Bf3 Kd6 34. Bd1 Bb4 35. Ke2 Kd7 36. Bb3 Be7 37. Be6+ Kc7 38. Bg3 Bd6 39. Bf7 b6 40. Kd2 Bb4+ 41. Kc2 Bd6 42. Kb3 Kc6 43. a4 Kc7 44. Bc4 Kb7 45. Bf7 Kc7 46. Bh2 Kb7 47. Kc4 Kc7 48. b4 Kc6 49. b5+ axb5+ 50. axb5+ Kc7 51. Bg3 Kd7 52. Be6+ Kc7 53. Bf7 Kd7 54. Bh4 Be7 55. Be6+ Kc7 56. Bf7 Kd7 57. Bg3 Bd6 1/2-1/2


[Site "https://www.chess.com"]

[Event "Titled Tuesday Blitz November 29 Early 2022"]
[White "Barash, Anton"]
[Black "Nasir, Zehn"]
[WhiteFideId "30935229"]
[BlackFideId "2613239"]
[WhiteElo "2301"]
[BlackElo "1993"]
[Result "1/2-1/2"]
[Round "02"]
[TimeControl "180+1"]
[Date "2022.11.30"]
[WhiteClock "0:00:40"]
[BlackClock "0:00:04"]

1. e4 c6 2. d4 d5 3. Nc3 dxe4 4. f3 e5 5. dxe5 Qxd1+ 6. Nxd1 exf3 7. Nxf3 Nd7 8. Ne3 Ne7 9. Bd2 Ng6 10. Bc3 Bc5 11. Nc4 O-O 12. O-O-O Nb6 13. Nd6 Nd5 14. Bd4 Bxd4 15. Rxd4 b6 16. Nxc8 Raxc8 17. Bc4 Ndf4 18. g3 Ne6 19. Rd7 b5 20. Bb3 a5 21. a4 Nc5 22. Ra7 Nxb3+ 23. cxb3 Ra8 24. Rxa8 Rxa8 25. Rd1 Kf8 26. Rd7 Re8 27. Rc7 Nxe5 28. Nxe5 Rxe5 29. Rxc6 Ke7 30. Kd2 g6 31. Ra6 b4 32. Kd3 h5 33. h4 Rc5 34. Kd4 Rf5 35. Ke3 f6 36. Ke4 Re5+ 37. Kd3 Rf5 38. Ke4 Re5+ 39. Kd4 Kf7 40. Ra7+ Ke6 41. Ra6+ Kf5 42. Kd3 g5 43. Kd4 Re4+ 44. Kd3 Re5 45. Kd4 gxh4 46. gxh4 Kg6 47. Kd3 Kf5 48. Kd4 Re4+ 49. Kd3 Rxh4 50. Rxa5+ Kg4 51. Rb5 Kg3 52. Rf5 Rh2 53. Rxf6 Rxb2 54. Kc4 h4 55. Kxb4 h3 56. Rg6+ Kf3 57. Rh6 Kg2 58. a5 h2 59. a6 h1=Q 60. Rxh1 Kxh1 61. Kb5 Rxb3+ 62. Kc6 Rc3+ 63. Kb7 Rb3+ 64. Ka8 Kg2 65. a7 Rh3 66. Kb7 Rh7+ 67. Kb8 Kg3 68. a8=Q Rh8+ 69. Kb7 Rxa8 70. Kxa8 1/2-1/2


[Site "https://www.chess.com"]

[Event "Titled Tuesday Blitz November 29 Early 2022"]
[White "Barria Zuniga, Daniel"]
[Black "Jobava, Baadur"]
[WhiteFideId "3400816"]
[BlackFideId "13601520"]
[WhiteElo "2414"]
[BlackElo "2582"]
[Result "1/2-1/2"]
[Round "02"]
[TimeControl "180+1"]
[Date "2022.11.30"]
[WhiteClock "0:00:04"]
[BlackClock "0:00:06"]

1. c4 e5 2. g3 c6 3. Bg2 d5 4. cxd5 cxd5 5. d4 e4 6. Nh3 Nc6 7. O-O Be7 8. Nc3 Nf6 9. Bg5 Bxh3 10. Bxh3 O-O 11. e3 Ne8 12. Bxe7 Nxe7 13. Qb3 Rb8 14. Rfc1 Nc7 15. Nb5 Nxb5 16. Qxb5 Nc6 17. Rc5 Ne7 18. Rac1 g6 19. Rc7 Qd6 20. Rd7 Qf6 21. Rcc7 a6 22. Qc5 Nf5 23. Qxd5 Rbd8 24. Qxe4 b5 25. Bxf5 gxf5 26. Qd5 Rxd7 27. Rxd7 Rc8 28. Rd6 Qg5 29. Rxa6 Kg7 30. Ra8 Rxa8 31. Qxa8 Qg4 32. Qd5 Qe2 33. Qxf5 Qxb2 34. Qg5+ Kf8 35. Qd5 b4 36. h4 Qd2 37. Kg2 h6 38. Qd6+ Kg7 39. Qd5 Qc2 40. g4 Qe2 41. Kg3 Qc2 42. g5 hxg5 43. hxg5 Qb1 44. Qe5+ Kg8 45. Qe8+ Kg7 46. Qe5+ Kg8 47. Qd5 Qg1+ 48. Qg2 Qb1 49. Qd5 Qg1+ 50. Qg2 Qb1 51. Qd5 1/2-1/2


[Site "https://www.chess.com"]

[Event "Titled Tuesday Blitz November 29 Early 2022"]
[White "Berezin, Viktor"]
[Black "Moskvin, Anatoly"]
[WhiteFideId "14107872"]
[BlackFideId "24199990"]
[WhiteElo "2310"]
[BlackElo "2079"]
[Result "1/2-1/2"]
[Round "02"]
[TimeControl "180+1"]
[Date "2022.11.30"]
[WhiteClock "0:00:09"]
[BlackClock "0:00:17"]

1. Nf3 d6 2. g3 Bg4 3. Bg2 Qd7 4. O-O Bh3 5. c4 h5 6. Nc3 h4 7. d4 Nc6 8. e4 hxg3 9. fxg3 Bxg2 10. Kxg2 Qh3+ 11. Kg1 Nf6 12. Qe2 Ng4 13. Qg2 Qh5 14. Nd5 O-O-O 15. Nf4 Qa5 16. Bd2 Qa6 17. b3 e5 18. Nd5 exd4 19. h3 Nge5 20. Ng5 f6 21. Ne6 Rd7 22. Bf4 Nd8 23. Nxd4 c6 24. Nc3 d5 25. exd5 Bc5 26. Rad1 Nxc4 27. Ne4 Bxd4+ 28. Rxd4 Ne5 29. Rfd1 Qb6 30. Be3 Rxd5 31. Nc3 Rxd4 32. Rxd4 Qa5 33. Bd2 Ne6 34. Re4 Qc5+ 35. Kh2 Nd4 36. Be3 Ndf3+ 37. Kh1 Qxc3 38. Bg1 Qc1 39. a4 Rxh3+ 40. Qxh3+ Kc7 41. Qg2 f5 42. Rf4 Qd1 43. Rxf5 Kd6 44. Rf4 Ke6 45. Re4 g5 46. Re2 Qd3 47. Re3 Qh7+ 48. Bh2 Nxh2 49. Qxh2 Qxh2+ 50. Kxh2 Kf5 51. Kg2 c5 52. Rc3 b6 53. a5 Ke4 54. Kf2 Kd4 55. Rc1 bxa5 56. Ra1 Nd3+ 57. Ke2 c4 58. bxc4 Kxc4 59. Rxa5 g4 60. Rxa7 Ne5 61. Rg7 Kd4 62. Rg8 Ke4 63. Kf2 Kd4 64. Re8 Ke4 65. Rd8 Nd3+ 66. Ke2 Ne5 67. Re8 Kd4 68. Rg8 Ke4 69. Kf2 Kd4 70. Kg2 Ke4 71. Rf8 Kd4 72. Rf4+ Ke3 73. Rf5 Ke4 74. Rf4+ Ke3 75. Rf5 Ke4 76. Rf4+ Ke3 1/2-1/2


[Site "https://www.chess.com"]

[Event "Titled Tuesday Blitz November 29 Early 2022"]
[White "Bethke, Richard"]
[Black "Putri, Regita Desyari"]
[WhiteFideId "12959243"]
[BlackFideId "7109083"]
[WhiteElo "2369"]
[BlackElo "1930"]
[Result "1-0"]
[Round "02"]
[TimeControl "180+1"]
[Date "2022.11.30"]
[WhiteClock "0:02:24"]
[BlackClock "0:00:28"]

1. e4 c5 2. Nf3 d6 3. d4 cxd4 4. Nxd4 Nf6 5. Nc3 a6 6. Be3 e6 7. Be2 Be7 8. f4 Nbd7 9. g4 Nc5 10. Bf3 Qc7 11. g5 Nfd7 12. Qd2 Nb6 13. b3 O-O 14. f5 exf5 15. exf5 Re8 16. Rg1 Bf8 17. O-O-O Bd7 18. g6 fxg6 19. fxg6 h6 20. Bxh6 gxh6 21. g7 Bxg7 22. Qxh6 Re7 23. Nd5 Nxd5 24. Bxd5+ Kf8 25. Rdf1+ Ke8 26. Qh8+ 1-0


[Site "https://www.chess.com"]

[Event "Titled Tuesday Blitz November 29 Early 2022"]
[White "Bettalli, Francesco"]
[Black "Putnam, Liam"]
[WhiteFideId "2816453"]
[BlackFideId "30938279"]
[WhiteElo "2216"]
[BlackElo "2082"]
[Result "1-0"]
[Round "02"]
[TimeControl "180+1"]
[Date "2022.11.30"]
[WhiteClock "0:01:20"]
[BlackClock "0:00:11"]

1. d4 Nf6 2. Nc3 d5 3. Bg5 Nbd7 4. Qd3 e6 5. e4 h6 6. Bxf6 Nxf6 7. e5 Nd7 8. f4 c5 9. Nf3 cxd4 10. Nxd4 Bc5 11. Nb3 Bb6 12. O-O-O O-O 13. Qg3 a5 14. a4 Nc5 15. Nxc5 Bxc5 16. Bd3 Bd7 17. Nb5 Rc8 18. Kb1 Qb6 19. Rhf1 Bxb5 20. Bxb5 Rc7 21. f5 exf5 22. Rxd5 Qe6 23. Rfd1 b6 24. Bd7 Qe7 25. Bxf5 Kh8 26. Bd3 Rd8 27. Rxd8+ Qxd8 28. e6 Qd6 29. Qxd6 Bxd6 30. Bg6 fxg6 31. Rxd6 Kh7 32. Rxb6 Rc4 33. b3 Re4 34. Kb2 g5 35. Kc3 Kg6 36. Kd3 Re1 37. c4 Kf6 38. c5 g4 39. Rb8 h5 40. c6 Rc1 41. Rb6 Kxe6 42. c7+ Kd7 43. Rg6 Kxc7 44. Rxg7+ Kd6 45. Rg5 Rg1 46. Rxa5 Rxg2 47. Rxh5 Kc6 48. Kc4 Rc2+ 49. Kb4 Kd6 50. Rg5 Rg2 51. a5 Kc6 52. Rg6+ Kd5 53. Kb5 Ke4 54. a6 Kf5 55. Rg8 Rxh2 56. a7 Ra2 57. a8=Q Rxa8 58. Rxa8 g3 59. Rf8+ Kg4 60. Rg8+ Kh3 61. Kc6 g2 62. b4 Kh2 63. Rxg2+ Kxg2 64. b5 Kf3 65. b6 Ke4 66. b7 Ke5 67. b8=Q+ 1-0


[Site "https://www.chess.com"]

[Event "Titled Tuesday Blitz November 29 Early 2022"]
[White "Bilan, Danila"]
[Black "Matveeva, Olga"]
[WhiteFideId "24161918"]
[BlackFideId "24107018"]
[WhiteElo "2173"]
[BlackElo "2055"]
[Result "1/2-1/2"]
[Round "02"]
[TimeControl "180+1"]
[Date "2022.11.30"]
[WhiteClock "0:00:10"]
[BlackClock "0:00:11"]

1. d3 Nf6 2. Nf3 d5 3. g3 Nc6 4. Bg2 e5 5. O-O Bc5 6. Nbd2 O-O 7. e4 dxe4 8. Nxe4 Nxe4 9. dxe4 a5 10. c3 b6 11. Bg5 f6 12. Be3 Bxe3 13. fxe3 Ba6 14. Rf2 Qxd1+ 15. Rxd1 Rfd8 16. Rd5 Ne7 17. Rdd2 Bd3 18. Ne1 Bc4 19. b3 Be6 20. Bf1 Kf7 21. Nd3 Ke8 22. Nb2 Rxd2 23. Rxd2 Rd8 24. Bb5+ c6 25. Rxd8+ Kxd8 26. Bc4 Bg4 27. Kf2 Nc8 28. Bg8 h6 29. Nc4 Kc7 30. Bh7 Nd6 31. Nxd6 Kxd6 32. Ke1 Be6 33. Kd2 a4 34. Kc2 Kc5 35. Bg6 b5 36. b4+ Kd6 37. a3 Bc4 38. Bh5 Be6 39. Be2 Bf7 40. Bd3 Be6 41. Bf1 Bf7 42. h4 Bg6 43. Kd3 Bf7 44. Bg2 Bc4+ 45. Kd2 Be6 46. Bf3 Bf7 47. Be2 Be6 48. c4 Bd7 49. c5+ Ke7 50. Bd3 Be6 51. Be2 Bd7 52. Bf3 Be6 53. Ke2 Bd7 54. Kf2 Be6 55. g4 Bd7 56. Kg3 Be6 57. Be2 Bd7 58. Bd1 Be6 59. Bc2 Bd7 60. Bb1 Be6 61. Kf3 Bf7 62. Bc2 Be6 63. Bd3 Bf7 64. Be2 Be6 65. Kg3 Bf7 66. Bd3 g5 67. hxg5 hxg5 68. Bc2 Be6 69. Bd3 Bf7 70. Bc2 Be6 71. Bd3 Bf7 1/2-1/2


[Site "https://www.chess.com"]

[Event "Titled Tuesday Blitz November 29 Early 2022"]
[White "Bogaudinov, Rushan"]
[Black "Domingo Nunez, Ruben"]
[WhiteFideId "4129288"]
[BlackFideId "22245570"]
[WhiteElo "1997"]
[BlackElo "2406"]
[Result "1-0"]
[Round "02"]
[TimeControl "180+1"]
[Date "2022.11.30"]
[WhiteClock "0:00:10"]
[BlackClock "0:00:11"]

1. d4 Nc6 2. Nf3 h6 3. c4 g5 4. d5 Nb8 5. Nc3 d6 6. e4 Bg7 7. h4 g4 8. Nd4 c5 9. Nf5 Bxf5 10. exf5 h5 11. Bg5 Nd7 12. Qb3 Qa5 13. Rc1 Rb8 14. Be2 b5 15. cxb5 a6 16. a4 Nh6 17. Qc2 O-O 18. Bxe7 Rfe8 19. Bxd6 Rbd8 20. O-O Nf6 21. Bxc5 g3 22. b4 Qc7 23. d6 gxf2+ 24. Rxf2 Rxd6 25. Bxd6 Qxd6 26. Qd3 Qxb4 27. bxa6 Nfg4 28. Bxg4 Nxg4 29. Nd5 Qd6 30. g3 Re3 31. Rc8+ Bf8 32. Rxf8+ Kxf8 33. Qxe3 Nxe3 34. Nxe3 Qxg3+ 35. Ng2 Qc7 36. Rf4 Qb6+ 37. Kh2 Qxa6 38. Kg3 Qd6 39. Kh2 Kg7 40. Kg3 Kf6 41. Kh2 Ke5 42. Kg3 Qd3+ 43. Kh2 Qe2 44. Kg1 Qd1+ 45. Kh2 Qd3 46. Kg1 Qg3 47. Kf1 Qh2 48. Kf2 f6 49. Rf3 Qh1 50. Re3+ Kxf5 51. a5 Qa1 52. Rf3+ Kg6 53. Nf4+ Kh6 54. Kg3 Qxa5 55. Ng2 Qe5+ 56. Rf4 Kg7 57. Kf3 Kf7 58. Kg3 Qe2 59. Rf3 Qe5+ 60. Rf4 Qb8 61. Kf3 Ke6 62. Kg3 f5 63. Kf3 Qb3+ 64. Kf2 Ke5 65. Rf3 Qc2+ 66. Kg3 Qc7 67. Kf2 Qb6+ 68. Kg3 Qg6+ 69. Kf2 Qg4 70. Re3+ Kf6 71. Rg3 Qd4+ 72. Kf3 Qe4+ 73. Kf2 Ke5 74. Re3 f4 75. Rxe4+ Kxe4 76. Ne1 Kf5 77. Kf3 Ke5 78. Ng2 Kf5 79. Nxf4 1-0


[Site "https://www.chess.com"]

[Event "Titled Tuesday Blitz November 29 Early 2022"]
[White "Bok, Benjamin"]
[Black "Ginzburg, Yakov"]
[WhiteFideId "1017063"]
[BlackFideId "4157176"]
[WhiteElo "2658"]
[BlackElo "2305"]
[Result "1-0"]
[Round "02"]
[TimeControl "180+1"]
[Date "2022.11.30"]
[WhiteClock "0:02:45"]
[BlackClock "0:01:00"]

1. d4 d5 2. c4 c6 3. Nf3 Nf6 4. cxd5 cxd5 5. Nc3 Nc6 6. Bf4 Bf5 7. e3 e6 8. Qb3 Bb4 9. Ne5 O-O 10. Nxc6 Bxc3+ 11. Qxc3 bxc6 12. Qa3 Nd7 13. Ba6 Qb6 14. Bd6 Rfe8 15. O-O e5 16. dxe5 Nxe5 17. Rfc1 Nc4 18. Bxc4 dxc4 19. Rxc4 Rad8 20. Rb4 Rxd6 21. Rxb6 Red8 22. Qxd6 1-0


[Site "https://www.chess.com"]

[Event "Titled Tuesday Blitz November 29 Early 2022"]
[White "Boros, Denes"]
[Black "Fiedorek, Michal"]
[WhiteFideId "722340"]
[BlackFideId "1199528"]
[WhiteElo "2464"]
[BlackElo "2201"]
[Result "1-0"]
[Round "02"]
[TimeControl "180+1"]
[Date "2022.11.30"]
[WhiteClock "0:00:24"]
[BlackClock "0:00:02"]

1. d4 Nf6 2. Nc3 d5 3. Bg5 c6 4. Qd3 Nbd7 5. f3 b5 6. a3 e6 7. e4 dxe4 8. fxe4 Be7 9. Nf3 a6 10. e5 Nd5 11. Bxe7 Qxe7 12. Ne4 O-O 13. h4 c5 14. Nfg5 f5 15. exf6 N7xf6 16. Nxc5 e5 17. O-O-O exd4 18. Qxd4 Bg4 19. Bd3 Bxd1 20. Rxd1 Qe3+ 21. Qxe3 Nxe3 22. Rd2 Nfd5 23. c4 bxc4 24. Bxh7+ Kh8 25. Rxd5 Nxd5 26. Be4 Ne3 27. Nce6 Rae8 28. Nxf8 Rxf8 29. Bf3 Nf5 30. Ne6 Re8 31. Nc5 Nxh4 32. Bb7 Re2 33. Nxa6 Nxg2 34. Nb4 Ne3 35. a4 g5 36. a5 Nf5 37. a6 Re8 38. a7 1-0


[Site "https://www.chess.com"]

[Event "Titled Tuesday Blitz November 29 Early 2022"]
[White "Bowden, Karl"]
[Black "Milikow, Yoav"]
[WhiteFideId "400548"]
[BlackFideId "2822237"]
[WhiteElo "2474"]
[BlackElo "2341"]
[Result "1-0"]
[Round "02"]
[TimeControl "180+1"]
[Date "2022.11.30"]
[WhiteClock "0:00:41"]
[BlackClock "0:00:12"]

1. e4 e5 2. Nf3 Nc6 3. Bb5 Nf6 4. O-O Nxe4 5. Re1 Nd6 6. Nxe5 Be7 7. Bd3 Nxe5 8. Rxe5 O-O 9. Nc3 Ne8 10. b3 Bd6 11. Re3 Nf6 12. Bb2 Bf4 13. Ne4 Nxe4 14. Rxe4 Bh6 15. Rg4 d5 16. Rg3 Qh4 17. Qf3 c6 18. Bf6 Qb4 19. Qh5 Qf4 20. Bxg7 Qxg3 21. Bxf8 Qg5 22. Qxh6 Qe5 23. Bxh7+ Kh8 24. Bg6+ Kg8 25. Qh7+ 1-0


[Site "https://www.chess.com"]

[Event "Titled Tuesday Blitz November 29 Early 2022"]
[White "Broca Jimenez, Fernando"]
[Black "Mikhalsky, Vladimir"]
[WhiteFideId "5104742"]
[BlackFideId "14144352"]
[WhiteElo "2062"]
[BlackElo "2271"]
[Result "0-1"]
[Round "02"]
[TimeControl "180+1"]
[Date "2022.11.30"]
[WhiteClock "0:00:16"]
[BlackClock "0:00:45"]

1. e4 c5 2. c3 Nf6 3. e5 Nd5 4. d4 Nc6 5. Nf3 d6 6. dxc5 dxc5 7. Bc4 e6 8. O-O Be7 9. Qe2 Qc7 10. Rd1 Nb6 11. Bd3 O-O 12. Bf4 Nd5 13. Bg3 b6 14. Nbd2 Bb7 15. Ne4 h6 16. Rd2 g5 17. Nfxg5 Bxg5 18. Nxg5 hxg5 19. Qh5 f5 20. exf6 Nxf6 21. Qxg5+ Qg7 22. Qe3 Rfe8 23. Bc4 Nd5 24. Be5 Nxe3 0-1


[Site "https://www.chess.com"]

[Event "Titled Tuesday Blitz November 29 Early 2022"]
[White "Buksa, Nataliya"]
[Black "Fedoseev, Vladimir"]
[WhiteFideId "14123622"]
[BlackFideId "24130737"]
[WhiteElo "2313"]
[BlackElo "2726"]
[Result "0-1"]
[Round "02"]
[TimeControl "180+1"]
[Date "2022.11.30"]
[WhiteClock "0:01:36"]
[BlackClock "0:02:04"]

1. d4 d5 2. Nc3 c6 3. Bf4 Bf5 4. e3 e6 5. Nf3 Nd7 6. Ne5 Nxe5 7. Bxe5 Nf6 8. Be2 Bd6 9. g4 Bg6 10. h4 h5 11. g5 Bxe5 12. dxe5 Nd7 13. f4 Qb6 14. Kf2 Qxb2 15. Na4 Qxc2 16. Rc1 Qxa2 17. Nc3 Qa3 18. Qd2 Nc5 19. Rhd1 Qxc3 20. Rxc3 Ne4+ 21. Ke1 Nxd2 22. Rxd2 Ke7 23. Bf3 Rhc8 24. e4 Bxe4 25. Bxe4 dxe4 26. Rd4 a5 27. Rxe4 a4 28. Kd2 b5 29. Kc1 c5 30. Kb2 b4 31. Rcc4 a3+ 32. Ka2 b3+ 0-1


[Site "https://www.chess.com"]

[Event "Titled Tuesday Blitz November 29 Early 2022"]
[White "Cappelletto, Joshuaede"]
[Black "Corrales Jimenez, Fidel"]
[WhiteFideId "2824383"]
[BlackFideId "3506690"]
[WhiteElo "2237"]
[BlackElo "2541"]
[Result "0-1"]
[Round "02"]
[TimeControl "180+1"]
[Date "2022.11.30"]
[WhiteClock "0:00:34"]
[BlackClock "0:00:15"]

1. c4 e5 2. g3 Nf6 3. Bg2 c6 4. d4 d6 5. Nc3 Nbd7 6. Nf3 g6 7. O-O Bg7 8. dxe5 dxe5 9. b3 O-O 10. Bb2 Re8 11. Qc2 a5 12. Rfd1 Qc7 13. Rac1 Nc5 14. Ne1 Bf5 15. e4 Bg4 16. f3 Be6 17. Nd3 Nfd7 18. Kh1 Bh6 19. Rb1 Nxd3 20. Qxd3 Nc5 21. Qe2 Rad8 22. Qf2 Nd3 23. Qe2 Nxb2 24. Qxb2 Qb6 25. Qe2 Rd4 26. Na4 Qb4 27. Rxd4 exd4 28. Nb2 a4 29. Nxa4 b5 30. cxb5 cxb5 31. Nb2 Rc8 32. Bf1 Qa5 33. Nd3 Rc3 34. f4 Qc7 35. Ne1 Bf8 36. Bg2 Ba3 37. Rd1 Re3 38. Qd2 Bg4 39. Qxd4 Re2 40. h3 Be6 41. Qd8+ Qxd8 42. Rxd8+ Kg7 43. Nf3 Rxa2 44. Nd4 Bc5 45. Nxe6+ fxe6 46. h4 Rb2 47. Rd3 Bf2 48. Kh2 b4 49. Kh3 Be1 50. e5 Kf8 51. Bc6 Rc2 52. Kg4 Rxc6 53. h5 Rc3 54. Rd7 Rxg3+ 55. Kh4 Rd3+ 0-1


[Site "https://www.chess.com"]

[Event "Titled Tuesday Blitz November 29 Early 2022"]
[White "Cardoso Cardoso, Jose Gabriel"]
[Black "Hoffmann, Asa"]
[WhiteFideId "4430492"]
[BlackFideId "2001470"]
[WhiteElo "2484"]
[BlackElo "2117"]
[Result "0-1"]
[Round "02"]
[TimeControl "180+1"]
[Date "2022.11.30"]
[WhiteClock "0:00:01"]
[BlackClock "0:00:22"]

1. d4 Nf6 2. Nc3 d6 3. e4 c6 4. g3 Nbd7 5. Bg2 e5 6. Nge2 Be7 7. O-O b5 8. a3 a6 9. h3 Qc7 10. g4 O-O 11. g5 Ne8 12. Ng3 g6 13. Be3 Ng7 14. Qd2 Nb6 15. b3 Bb7 16. f4 exf4 17. Bxf4 Ne6 18. Rae1 c5 19. d5 Nxf4 20. Qxf4 b4 21. Nb1 bxa3 22. Nxa3 c4 23. Kh2 Qc5 24. Nxc4 Nxc4 25. bxc4 Qxc4 26. h4 a5 27. h5 a4 28. Rb1 Bc8 29. h6 a3 30. Ra1 a2 31. Rf3 Qd4 32. c3 Qe5 33. Qxe5 dxe5 34. Rf2 Bxg5 35. Rfxa2 Rxa2 36. Rxa2 Bxh6 37. Ne2 Bg4 38. c4 Rc8 39. Bh3 Bxh3 40. Kxh3 Rxc4 41. Ra8+ Kg7 42. d6 Bg5 43. d7 Rxe4 44. Nc3 Rd4 45. Ra7 Rd3+ 46. Kg4 h6 47. Ne4 f5# 0-1


[Site "https://www.chess.com"]

[Event "Titled Tuesday Blitz November 29 Early 2022"]
[White "Chernov, Mikhail"]
[Black "Maksimovic, Bojan"]
[WhiteFideId "24143170"]
[BlackFideId "14408120"]
[WhiteElo "2113"]
[BlackElo "2447"]
[Result "1-0"]
[Round "02"]
[TimeControl "180+1"]
[Date "2022.11.30"]
[WhiteClock "0:02:08"]
[BlackClock "0:00:16"]

1. e4 c5 2. Nf3 e6 3. d4 cxd4 4. Nxd4 a6 5. Be2 Nf6 6. Nc3 Qc7 7. O-O Bb4 8. Be3 Bxc3 9. bxc3 Nxe4 10. Bd3 Nf6 11. Re1 Nc6 12. Nf5 O-O 13. Nxg7 Kxg7 14. Bh6+ Kxh6 15. Qd2+ Kh5 16. Re3 Qf4 17. Rh3+ Kg5 18. Rg3+ Ng4 19. h4+ 1-0


[Site "https://www.chess.com"]

[Event "Titled Tuesday Blitz November 29 Early 2022"]
[White "Ciuffoletti, Paolo"]
[Black "Sztokbant, Bernardo Vainzoff"]
[WhiteFideId "807630"]
[BlackFideId "2115956"]
[WhiteElo "2143"]
[BlackElo "2228"]
[Result "0-1"]
[Round "02"]
[TimeControl "180+1"]
[Date "2022.11.30"]
[WhiteClock "0:00:01"]
[BlackClock "0:00:13"]

1. e4 c5 2. d4 cxd4 3. c3 d5 4. exd5 Nf6 5. Bb5+ Bd7 6. Bc4 dxc3 7. Nxc3 g6 8. Nf3 Bg7 9. O-O O-O 10. Re1 Bg4 11. h3 Bxf3 12. Qxf3 Nbd7 13. Bg5 h6 14. Bh4 Rc8 15. Bb3 Nc5 16. Bc2 Re8 17. Rad1 Qb6 18. Na4 Qb4 19. Bxf6 Bxf6 20. Nxc5 Qxc5 21. Bb3 Kg7 22. d6 exd6 23. Qxb7 Rc7 24. Qf3 Rxe1+ 25. Rxe1 Qd4 26. Rd1 Qxb2 27. Rxd6 Rc1+ 28. Rd1 Rxd1+ 29. Qxd1 Qd4 30. Qxd4 Bxd4 31. Kf1 Kf6 32. Ke2 Ke7 33. f3 f5 34. Kd3 Bb6 35. g4 Kf6 36. Ba4 Kg5 37. Bc6 Kh4 38. gxf5 gxf5 39. Bd7 Kxh3 40. Bxf5+ Kg3 41. Ke4 h5 42. Bd7 h4 43. f4 Bc7 44. f5 h3 45. Ke3 Kg4 46. f6+ Kg5 47. f7 Bd6 48. Bc6 Kf6 49. Bd5 h2 50. Kf2 Ke5 51. Bc6 Kd4 52. Kg2 Kc3 0-1


[Site "https://www.chess.com"]